 Dungeon Crawl Stone Soup version 0.17-a0-1954-g0dddeaa (webtiles) character file.

4 Gorice the Scratcher (level 1, -1/7 HPs)
             Began as a Felid Wanderer on Oct 3, 2015.
             Slain by a kobold (4 damage)
             ... on level 1 of the Dungeon.
             The game lasted 00:02:10 (439 turns).

Gorice the Scratcher (Felid Wanderer)                Turns: 439, Time: 00:02:11

Health: -1/7       AC:  1    Str:  6    XL:     1   Next: 50%
Magic:  2/2        EV: 15    Int: 14    God:
Gold:   0          SH:  0    Dex: 16    Spells: 0 memorised, 0 levels left
                                        Lives:  0   Deaths: 0

rFire  . . .     SeeInvis +       - Unarmed
rCold  . . .     Clarity  .     (armour unavailable)
rNeg   . . .     SustAt   .     (shield unavailable)
rPois  .         Gourm    .     (helmet unavailable)
rElec  .         Spirit   .     (cloak unavailable)
rCorr  .         Warding  .     (gloves unavailable)
rMut   .         Stasis   .     (boots unavailable)
MR     .....                    (no amulet)
Stlth  ++........               (no ring)
                                (no ring)

@: quick, not resistant to hostile enchantments, unstealthy
A: no armour, no weapons or thrown items, claws 1, fangs 3, see invisible,
carnivore 3, speed 1, shaggy fur 1, slow metabolism 1, sharp paws
a: no special abilities


You were on level 1 of the Dungeon.
You were not hungry.

You visited 1 branch of the dungeon, and saw 1 of its levels.

Inventory:

Scrolls
 a - a scroll of blinking
Potions
 b - a potion of haste {!q}
 f - a potion of lignification {unknown}
Books
 c - Nett's Papyrus of Conjuration

   Spells                             Type                      Level
   a - Sting                          Conjuration/Poison           1
   b - Conjure Flame                  Conjuration/Fire             3
 d - the Tome of Cold

   Spells                             Type                      Level
   a - Throw Frost                    Conjuration/Ice              2
   b - Ensorcelled Hibernation        Hexes/Ice                    2
Comestibles
 e - a meat ration {!e}


   Skills:
 - Level 1.3 Stealth
 + Level 3.2 Unarmed Combat
 * Level 0.3 Spellcasting
   Level 3.0 Translocations
   Level 2.6 Ice Magic
   Level 1.1 Evocations


You couldn't memorise any spells.
You didn't know any spells.

Dungeon Overview and Level Annotations

Branches:
Dungeon (1/15)

Altars:


Innate Abilities, Weirdness & Mutations

You cannot wear armour.
You are incapable of wielding weapons or throwing items.
You have sharp claws.
You have razor-sharp teeth.
You have supernaturally acute eyesight.
You are carnivorous and can eat meat at any time.
You cover ground quickly.
You are covered in fur (AC +1).
You have a slow metabolism.
Your sharp claws are effective at attacking unaware monsters.


Message History

The hobgoblin misses you.
You barely miss the hobgoblin. The hobgoblin completely misses you.
You scratch the hobgoblin but do no damage.
The hobgoblin hits you.
Damage: 3 (max 3)
You closely miss the hobgoblin. The hobgoblin barely misses you.
You start resting.
HP restored.
Okay, then.
A hobgoblin comes into view. It is wielding a club.
A bat and 2 goblins come into view.
The bat misses you.
Found a leather armour.
The bat closely misses you.
You scratch the bat but do no damage. Your bite misses the bat.
The goblin shouts! x2
The bat closely misses you. The bat barely misses you.
The bat barely misses you.
A hobgoblin comes into view.
The bat closely misses you.
A rat and a kobold come into view.
The kobold shouts!
The bat hits you. The bat hits you but does no damage.
The kobold throws a stone.
The stone barely misses you.
You see here a stone.
Damage: 1 (max 1)
The bat closely misses you. The bat completely misses you.
The kobold misses you. The bat closely misses you.
The bat hits you but does no damage.
A rat comes into view.
The bat barely misses you. The bat misses you.
A kobold comes into view.
The kobold shouts!
The bat misses you.
The kobold throws a stone.
The stone hits you but does no damage.
You see here a stone.
A rat comes into view.
The bat hits you but does no damage. The kobold closely misses you.
You barely miss the kobold. The bat hits you. The bat closely misses you.
The kobold misses you.
Damage: 1 (max 1)
You barely miss the kobold. The bat closely misses you.
The bat completely misses you. The kobold hits you.
Damage: 2 (max 2)
You miss the kobold. The bat hits you but does no damage. The kobold hits you.
Ouch! That really hurt!
You die...

#.. #.#.#########
#####..###.#........
....................
#.####.#K##g#.#######
.......#......#
#Kg.......#
#g#.......#
#b#........#
#@#....r...#
#K###...##.# #r# ...#
... ..## ... .. #...#
..... # #...# . . #.
.


You could see a hobgoblin, a goblin, a bat, 2 kobolds and a rat.

Vanquished Creatures
  A giant gecko (D:1)
  A giant cockroach (D:1)
  A rat (D:1)
3 creatures vanquished.

Notes
Turn   | Place    | Note
--------------------------------------------------------------
     0 | D:1      | Gorice the Felid Wanderer began the quest for the Orb.
     0 | D:1      | Gorice set off with: a scroll of blinking, a potion of haste {!q}, Nett's Papyrus of Conjuration, the Tome of Cold, a meat ration {!e}, a !bad item (cl:100,ty:0,pl:0,pl2:0,sp:0,qu:0), a !bad item (cl:100,ty:0,pl:0,pl2:0,sp:0,qu:0), a !bad item (cl:100,ty:0,pl:0,pl2:0,sp:0,qu:0), a !bad item (cl:100,ty:0,pl:0,pl2:0,sp:0,qu:0), a !bad item (cl:100,ty:0,pl:0,pl2:0,sp:0,qu:0), a !bad item (cl:100,ty:0,pl:0,pl2:0,sp:0,qu:0), a !bad item (cl:100,ty:0,pl:0,pl2:0,sp:0,qu:0), a !bad item (cl:100,ty:0,pl:0,pl2:0,sp:0,qu:0), a !bad item (cl:100,ty:0,pl:0,pl2:0,sp:0,qu:0), a !bad item (cl:100,ty:0,pl:0,pl2:0,sp:0,qu:0), a !bad item (cl:100,ty:0,pl:0,pl2:0,sp:0,qu:0), a !bad item (cl:100,ty:0,pl:0,pl2:0,sp:0,qu:0), a !bad item (cl:100,ty:0,pl:0,pl2:0,sp:0,qu:0), a !bad item (cl:100,ty:0,pl:0,pl2:0,sp:0,qu:0), a !bad item (cl:100,ty:0,pl:0,pl2:0,sp:0,qu:0), a !bad item (cl:100,ty:0,pl:0,pl2:0,sp:0,qu:0), a !bad item (cl:100,ty:0,pl:0,pl2:0,sp:0,qu:0), a !bad item (cl:100,ty:0,pl:0,pl2:0,sp:0,qu:0), a !bad item (cl:100,ty:0,pl:0,pl2:0,sp:0,qu:0), a !bad item (cl:100,ty:0,pl:0,pl2:0,sp:0,qu:0), a !bad item (cl:100,ty:0,pl:0,pl2:0,sp:0,qu:0), a !bad item (cl:100,ty:0,pl:0,pl2:0,sp:0,qu:0), a !bad item (cl:100,ty:0,pl:0,pl2:0,sp:0,qu:0), a !bad item (cl:100,ty:0,pl:0,pl2:0,sp:0,qu:0), a !bad item (cl:100,ty:0,pl:0,pl2:0,sp:0,qu:0), a !bad item (cl:100,ty:0,pl:0,pl2:0,sp:0,qu:0), a !bad item (cl:100,ty:0,pl:0,pl2:0,sp:0,qu:0), a !bad item (cl:100,ty:0,pl:0,pl2:0,sp:0,qu:0), a !bad item (cl:100,ty:0,pl:0,pl2:0,sp:0,qu:0), a !bad item (cl:100,ty:0,pl:0,pl2:0,sp:0,qu:0), a !bad item (cl:100,ty:0,pl:0,pl2:0,sp:0,qu:0), a !bad item (cl:100,ty:0,pl:0,pl2:0,sp:0,qu:0), a !bad item (cl:100,ty:0,pl:0,pl2:0,sp:0,qu:0), a !bad item (cl:100,ty:0,pl:0,pl2:0,sp:0,qu:0), a !bad item (cl:100,ty:0,pl:0,pl2:0,sp:0,qu:0), a !bad item (cl:100,ty:0,pl:0,pl2:0,sp:0,qu:0), a !bad item (cl:100,ty:0,pl:0,pl2:0,sp:0,qu:0), a !bad item (cl:100,ty:0,pl:0,pl2:0,sp:0,qu:0), a !bad item (cl:100,ty:0,pl:0,pl2:0,sp:0,qu:0), a !bad item (cl:100,ty:0,pl:0,pl2:0,sp:0,qu:0), a !bad item (cl:100,ty:0,pl:0,pl2:0,sp:0,qu:0), a !bad item (cl:100,ty:0,pl:0,pl2:0,sp:0,qu:0), a !bad item (cl:100,ty:0,pl:0,pl2:0,sp:0,qu:0), a !bad item (cl:100,ty:0,pl:0,pl2:0,sp:0,qu:0), a !bad item (cl:100,ty:0,pl:0,pl2:0,sp:0,qu:0), a !bad item (cl:100,ty:0,pl:0,pl2:0,sp:0,qu:0), a !bad item (cl:100,ty:0,pl:0,pl2:0,sp:0,qu:0)
     0 | D:1      | Reached XP level 1. HP: 7/7 MP: 2/2
     0 | D:1      | Identified Nett's Papyrus of Conjuration
     0 | D:1      | Identified the Tome of Cold
   439 | D:1      | Slain by a kobold

Vault maps used:
D:1:      dpeg_arrival_castle, minmay_misc_feat_plants

Action                   || total
-------------------------++-------
Melee: Unarmed           ||    15
 Stab: Sleeping          ||     1

Table legend:
 A = Turns spent in this place as a percentage of turns spent in the entire game.
 B = Non-inter-level travel turns spent in this place as a percentage of non-inter-level travel turns spent in the entire game.
 C = Inter-level travel turns spent in this place as a percentage of turns spent in this place.
 D = Turns resting spent in this place as a percentage of non-inter-level travel turns spent in this place.
 E = Turns spent auto-exploring this place as a percentage of non-inter-level travel turns spent in this place.
 F = Non-inter-level travel turns spent in this place divided by the number of levels of this place that you've seen.
                   A       B       C       D       E      F
               +-------+-------+-------+-------+-------+----------------------
         Total | 100.0 | 100.0 |   0.0 |   1.2 |   4.7 | 170.0
       Dungeon | 100.0 | 100.0 |   0.0 |   1.2 |   4.7 | 170.0
               +-------+-------+-------+-------+-------+----------------------

Vault maps used:
D:1:      dpeg_arrival_castle, minmay_misc_feat_plants
